 Dungeon Crawl Stone Soup version 0.22.1-6-g1668fe2 (webtiles) character file.

32218 Kairos the Cleaver (level 13, -3/68 HPs)
             Began as a Vine Stalker Fighter on Jan 16, 2019.
             Was a High Priest of Okawaru.
             Slain by an entropy weaver (12 damage)
             ... on level 5 of the Lair of Beasts.
             The game lasted 00:33:02 (13192 turns).

Kairos the Cleaver (Vine Stalker Fighter)          Turns: 13192, Time: 00:33:02

Health: -3/68      AC:  8    Str: 24    XL:     13   Next: 63%
Magic:  0/16       EV: 22    Int: 11    God:    Okawaru [*****.]
Gold:   699        SH: 14    Dex: 16    Spells: 12/12 levels left

rFire    + . .     SeeInvis .   D - +0 hand axe (vamp)
rCold    . . .     Gourm    .   c - +0 shield
rNeg     . . .     Faith    .   z - +1 ring mail of Damu {rF+}
rPois    +         Spirit   +   B - +0 helmet
rElec    .         Reflect  .   (no cloak)
rCorr    .         Harm     .   (no gloves)
MR       +....                  r - +0 pair of boots
Stlth    ++++......             O - amulet of regeneration
HPRegen  1.41/turn              A - +2 ring of evasion
MPRegen  0.15/turn              G - ring of Zatzearph {rPois Str+2 Int+3}

@: heroism, corroded
A: fangs 3, regeneration 2, magic shield, antimagic bite, no potion heal 3, rot
immunity
a: Heroism, Finesse, Renounce Religion


You were on level 5 of the Lair of Beasts.
You worshipped Okawaru.
Okawaru was extremely pleased with you.
You were not hungry.

You visited 3 branches of the dungeon, and saw 16 of its levels.
You also visited: Sewer and Volcano.

You collected 864 gold pieces.
You spent 165 gold pieces at shops.

Inventory:

Hand Weapons
 s - the +4 halberd of Eternal Vigilance {venom, Dex+4, unknown}
   (You found it on level 4 of the Lair of Beasts)

   It poisons the flesh of those it strikes.
   It affects your dexterity (+4).
 t - a +2 hand axe of electrocution
 D - a +0 vampiric hand axe (weapon)
 I - a +2 hand axe of flaming
Armour
 c - a +0 shield (worn)
 r - a +0 pair of boots (worn)
 z - the +1 ring mail of Damu (worn) {rF+}
   (You found it on level 5 of the Dungeon)

   It protects you from fire.
 B - a +0 helmet (worn)
 N - a +2 plate armour of fire resistance
Jewellery
 b - an uncursed ring of ice
 v - an uncursed ring of flight
 A - a +2 ring of evasion (left hand)
 G - the ring of Zatzearph (right hand) {rPois Str+2 Int+3}
   (You bought it in a shop on level 8 of the Dungeon)

   [ring of poison resistance]

   It affects your strength (+2).
   It affects your intelligence (+3).
   It protects you from poison.
 H - an uncursed ring of ice
 J - an uncursed amulet of magic regeneration
 O - an amulet of regeneration (around neck)
Wands
 e - a wand of iceblast (21)
 g - a wand of random effects (79)
 x - a wand of digging (10)
 M - a wand of scattershot (5)
 P - a wand of disintegration (18)
Scrolls
 h - 4 scrolls of identify
 i - 7 scrolls of teleportation
 k - 6 scrolls of remove curse
 l - 3 scrolls of blinking
 m - 2 scrolls of fear {unknown}
 y - 2 scrolls of immolation
 E - a scroll of summoning {unknown}
 F - 2 scrolls of magic mapping
 K - 4 scrolls of enchant weapon
Potions
 a - a potion of haste
 d - a potion of might
 j - 6 potions of curing
 n - 2 potions of flight
 o - 2 potions of magic {unknown}
 p - 2 potions of mutation
 q - 5 potions of agility {unknown}
 u - 2 potions of cancellation {unknown}
 w - a potion of lignification
 C - a potion of resistance {unknown}
 L - a potion of brilliance {unknown}
Comestibles
 f - 27 rations


   Skills:
 + Level 7.7(12.7) Fighting
 + Level 12.4(17.4) Axes
 + Level 7.8(12.8) Armour
 + Level 6.8(11.8) Dodging
 + Level 5.6(10.6) Stealth
 + Level 10.0(15.0) Shields
 + Level 3.4 Invocations


You had 12 spell levels left.
You didn't know any spells.
Your spell library contained the following spells:

 Spells                   Type           Power        Failure   Level  Hunger
 Shock                    Conj/Air       #...         43%         1    ##.....
 Swiftness                Chrm/Air       #.......     58%         2    ###....
 Static Discharge         Conj/Air       #.......     82%         3    ####...
 Airstrike                Air            #.........   99%         4    #####..
 Bolt of Magma            Conj/Fire/Erth #.........   100%        5    ######.
 Iskenderun's Battlesphe  Conj/Chrm      #.......     100%        5    ######.
 Lightning Bolt           Conj/Air       #.........   100%        5    ######.
 Venom Bolt               Conj/Pois      #.........   100%        5    ######.
 Iron Shot                Conj/Erth      #.........   100%        6    #######
 Orb of Destruction       Conj           #.........   100%        7    #######
 Spellforged Servitor     Conj/Summ      #.........   100%        7    #######


Dungeon Overview and Level Annotations

Branches:
Dungeon (9/15)             Temple (1/1) D:6            Lair (6/6) D:9
 Shoals (0/4) Lair:4        Snake (0/4) Lair:3        Slime (0/5) Lair:5
    Orc: D:9-12

Altars:
Ashenzari
Cheibriados
Dithmenos
Fedhas
Gozag
Hepliaklqana
Kikubaaqudgha
Makhleb
Nemelex Xobeh
Okawaru
Qazlal
Ru
Sif Muna
Trog
Uskayaw
Wu Jian
Xom
Yredelemnul
Zin
The Shining One
Jiyva

Shops:
D:8 *   D:9 (

Annotations:
Lair:1 exclusion: oklob plant
Lair:5 Snorg


Innate Abilities, Weirdness & Mutations

You have razor-sharp teeth.
You heal very quickly.
When hurt, damage is shared between your health and your magic reserves.
Your bite disrupts and absorbs the magic of your enemies.
Potions cannot restore your health.
You are immune to rotting.


Message History

You bite the entropy weaver.
The entropy weaver's magic leaks into the air.
You drain its magic.
You feel invigorated.
The entropy weaver is lightly wounded.
You hit the elephant.
You feel better. You block the entropy weaver's attack.
The entropy weaver completely misses you.
The entropy weaver hits you!
* * * LOW HITPOINT WARNING * * *
You block the elephant's attack. The elephant misses you.
You hit the entropy weaver.
You feel better.
You bite the entropy weaver, but do no damage.
The entropy weaver is lightly wounded.
You hit the elephant but do no damage.
You feel sick.
You are no longer poisoned.
The entropy weaver misses you.
The entropy weaver hits you but does no damage.
The entropy weaver hits you.
* * * LOW HITPOINT WARNING * * *
The entropy weaver hits you!
You die...

aaa..<.........#...######.. ####
.....P.............##Y..##. #..H#
##............P.....#.)≈≈###H≈$.#
#..................†#.≈..≈.≈..≈.#
#...###....>........##≈.......≈#
..... #...._.>...<...##≈.≈≈≈.≈##.
#...##P...............+..≈<≈.....
...# #........a.....##≈.≈≈≈.≈##.
.........#@#####≈.......≈#
..........Y.###.≈..≈.≈H.≈.#
.....#......P....##.$≈≈###≈≈(.#
..........P...[...P.#Y..## #..H#
...............<....##### ####
.....................#
.....................##
......................#
....................###


You could see an entropy weaver and an elephant.

Vanquished Creatures
  An entropy weaver (Lair:5)
  Fannar (Lair:3)
  5 hydras
  A hell hog (Volcano)
  Urug (Lair:5)
  Pikel (D:5)
  4 black mambas
  4 elephants (Lair:5)
  A merfolk siren (Lair:4)
  3 molten gargoyles
  2 torpor snails
  7 spiny frogs
  A rime drake (Lair:6)
  8 komodo dragons
  A merfolk (Lair:4)
  Prince Ribbit (D:7)
  11 blink frogs
  2 dream sheep (D:9)
  3 hippogriffs
  2 wyverns (Lair:4)
  2 hungry ghosts (D:7)
  8 fire bats (Volcano)
  2 steam dragons (Volcano)
  15 yaks
  A basilisk (Lair:1)
  9 soldier ants
  4 hell hounds
  9 water moccasins
  18 porcupines
  2 black bears
  3 sky beasts
  A slave (D:5)
  An orc warrior (D:9)
  A necrophage (D:5)
  4 ogres
  6 wolves (Lair:2)
  5 centaurs
  7 crocodiles
  3 big kobolds (D:9)
  9 bullfrogs
  A scorpion (D:8)
  A howler monkey (D:6)
  An electric eel (Lair:4)
  11 lava snakes
  2 bullfrog zombies
  A crimson imp (D:8)
  2 jellies
  9 hounds
  A gnoll shaman (D:4)
  2 orc priests
  7 orc wizards
  Natasha (D:3)
  2 iguanas
  5 worker ants
  2 hound zombies
  A hound skeleton (D:5)
  13 gnolls
  17 adders
  3 oozes
  An adder zombie (D:7)
  An adder skeleton (D:6)
  4 worms (D:3)
  3 dart slugs
  5 leopard geckos
  21 orcs
  6 giant cockroaches
  5 goblins
  9 hobgoblins
  10 jackals
  16 kobolds
  5 quokkas
  A ball python (D:3)
  8 bats
  3 frilled lizards
  A leopard gecko skeleton (D:5)
  A quokka skeleton (D:4)
  A quokka zombie (D:7)
  6 rats
  4 fungi
  2 plants
365 creatures vanquished.

Vanquished Creatures (others)
  A lava snake (Lair:4)
  11 fungi
  22 plants
34 creatures vanquished.

Grand Total: 399 creatures vanquished

Notes
Turn   | Place    | Note
-------+----------+-------------------------------------------
     0 | D:1      | Kairos the Vine Stalker Fighter began the quest for the
                  | Orb.
     0 | D:1      | Reached XP level 1. HP: 11/11 MP: 2/2
    80 | D:1      | Reached XP level 2. HP: 8/16 MP: 3/3
   490 | D:1      | Reached skill level 2 in Axes
   597 | D:1      | Found a shimmering altar of Xom.
  1048 | D:2      | Reached XP level 3. HP: 15/19 MP: 2/4
  1263 | D:2      | Noticed an earth elemental
  1266 | D:2      | Found a stormy altar of Qazlal.
  1267 | D:2      | Noticed a fire elemental
  1267 | D:2      | Noticed an air elemental
  1267 | D:2      | Noticed a water elemental
  1511 | D:2      | Gained mutation: Your natural rate of healing is unusually
                  | fast. [Vine Stalker growth]
  1511 | D:2      | Reached XP level 4. HP: 15/24 MP: 5/5
  2191 | D:3      | Found a bloodstained altar of Trog.
  2258 | D:3      | Found an opulent altar of Gozag.
  2297 | D:3      | Reached XP level 5. HP: 28/28 MP: 6/6
  2388 | D:3      | Noticed Natasha
  2396 | D:3      | Killed Natasha
  2622 | D:3      | Reached skill level 3 in Axes
  2637 | D:3      | Reached skill level 1 in Dodging
  2889 | D:4      | Reached XP level 6. HP: 32/32 MP: 7/7
  3296 | D:4      | Noticed a dagger
  3296 | D:4      | Noticed a dagger
  3297 | D:4      | Found a hide-covered altar of Uskayaw.
  3408 | D:4      | Reached skill level 4 in Axes
  3408 | D:4      | Reached XP level 7. HP: 36/36 MP: 6/8
  3594 | D:5      | Entered Level 5 of the Dungeon
  3649 | D:5      | Got a heavily runed ring mail
  3660 | D:5      | Identified the +1 ring mail of Damu {rF+} (You found it on
                  | level 5 of the Dungeon)
  3851 | D:5      | Reached skill level 5 in Axes
  3916 | D:5      | Gained mutation: You have razor-sharp teeth. [Vine Stalker
                  | growth]
  3916 | D:5      | Reached XP level 8. HP: 25/42 MP: 4/9
  4275 | D:5      | Noticed Pikel
  4327 | D:5      | Killed Pikel
  4327 | D:5      | Reached skill level 5 in Shields
  4436 | D:5      | Reached skill level 6 in Axes
  4539 | D:5      | Found a sacrificial altar of Ru.
  4686 | D:6      | Found a glowing drain.
  4714 | Sewer    | Entered a sewer
  4838 | D:6      | Reached XP level 9. HP: 39/45 MP: 7/10
  4922 | D:6      | Reached skill level 1 in Stealth
  4928 | D:6      | Reached skill level 5 in Armour
  5107 | D:6      | Found a staircase to the Ecumenical Temple.
  5167 | D:6      | Reached skill level 7 in Axes
  5196 | Temple   | Entered the Ecumenical Temple
  5215 | Temple   | Became a worshipper of Warmaster Okawaru
  5732 | D:7      | Found a glowing golden altar of the Shining One.
  5768 | D:7      | Noticed Prince Ribbit
  5778 | D:7      | Killed Prince Ribbit
  6167 | D:8      | Reached * piety under Okawaru
  6245 | D:8      | Found a shattered altar of Ashenzari.
  6430 | D:8      | Found Tevesi's Assorted Antiques.
  6549 | D:8      | Reached skill level 5 in Fighting
  6829 | D:8      | Bought a slimy iron ring for 165 gold pieces
  6830 | D:8      | Identified the ring of Zatzearph {rPois Str+2 Int+3} (You
                  | bought it in a shop on level 8 of the Dungeon)
  7048 | D:9      | Reached XP level 10. HP: 47/51 MP: 11/11
  7099 | D:9      | Reached skill level 8 in Axes
  7105 | D:9      | Found Culyive's Antique Weapon Shoppe.
  7183 | D:9      | Reached ** piety under Okawaru
  7227 | D:9      | Noticed a two-headed hydra
  7230 | D:9      | Killed a one-headed hydra
  7306 | D:9      | Found a staircase to the Lair.
  7430 | D:9      | Noticed a cyan ugly thing
  7597 | D:9      | Found a blossoming altar of Fedhas.
  7598 | D:9      | Found a basalt altar of Yredelemnul.
  7977 | D:9      | Reached *** piety under Okawaru
  8045 | D:9      | Found a deep blue altar of Sif Muna.
  8263 | Lair:1   | Entered Level 1 of the Lair of Beasts
  8274 | Lair:1   | Noticed a spiny frog
  8302 | Lair:1   | Killed a spiny frog
  8302 | Lair:1   | Reached skill level 9 in Axes
  8542 | Lair:1   | Noticed an oklob plant
  8998 | Lair:1   | Noticed a six-headed hydra
  9008 | Lair:1   | Killed a two-headed hydra
  9008 | Lair:1   | Reached XP level 11. HP: 24/56 MP: 12/12
  9303 | Lair:2   | Received a gift from Okawaru
  9449 | Lair:2   | Reached skill level 5 in Dodging
  9454 | Lair:2   | Reached **** piety under Okawaru
  9593 | Lair:2   | Noticed a seven-headed hydra
  9604 | Lair:2   | Killed a two-headed hydra
  9852 | Lair:2   | Reached skill level 10 in Axes
  9981 | Lair:3   | Reached skill level 1 in Invocations
 10024 | Lair:3   | Noticed Fannar
 10047 | Lair:3   | Killed Fannar
 10087 | Lair:3   | Noticed a seven-headed hydra
 10098 | Lair:3   | Killed a four-headed hydra
 10098 | Lair:3   | Reached ***** piety under Okawaru
 10456 | Lair:3   | Found a staircase to the Snake Pit.
 10613 | Lair:3   | Gained mutation: You heal very quickly. [Vine Stalker
                  | growth]
 10613 | Lair:3   | Reached XP level 12. HP: 39/62 MP: 14/14
 11193 | Lair:4   | You fall through a shaft for 2 floors!
 11193 | Lair:6   | Entered Level 6 of the Lair of Beasts
 11193 | Lair:6   | Noticed a catoblepas
 11258 | Lair:6   | Received a gift from Okawaru
 11289 | Lair:6   | Reached skill level 11 in Axes
 11541 | Lair:5   | Found a viscous altar of Jiyva.
 11541 | Lair:5   | Found a staircase to the Slime Pits.
 11541 | Lair:5   | Noticed Snorg
 11567 | Lair:4   | Got an ancient halberd
 11585 | Lair:4   | Found a dark tunnel.
 11601 | Volcano  | Entered a volcano
 11706 | Volcano  | Noticed a hell hog
 11721 | Volcano  | Killed a hell hog
 11721 | Volcano  | Reached skill level 5 in Stealth
 11761 | Volcano  | Found a bloodstained altar of Trog.
 11782 | Volcano  | Reached XP level 13. HP: 63/67 MP: 16/16
 12239 | Lair:4   | Reached skill level 12 in Axes
 12246 | Lair:4   | Found a staircase to the Shoals.
 12642 | Lair:5   | Received a gift from Okawaru
 12683 | Lair:5   | Noticed Urug
 12693 | Lair:5   | Noticed an entropy weaver
 12924 | Lair:5   | Killed Urug
 13021 | Lair:5   | Noticed an entropy weaver
 13148 | Lair:5   | Killed an entropy weaver
 13148 | Lair:5   | Reached skill level 10 in Shields
 13192 | Lair:5   | Slain by an entropy weaver

Skill      XL: |  1  2  3  4  5  6  7  8  9 10 11 12 13 |
---------------+----------------------------------------+-----
Shields        | 3 4 5 6 7 8 9 10 | 10.0
Axes           | 2 3 4 5 6 7 9 10 11 12 | 12.4
Fighting       | 3 4 5 6 7 |  7.7
Armour         | 3 4 5 6 7 |  7.8
Dodging        | 1 2 3 4 5 6 |  6.8
Stealth        | 2 3 5 |  5.6
Invocations    | 1 3 |  3.4

Action                   |  1- 3 |  4- 6 |  7- 9 | 10-12 | 13-15 || total
-------------------------+-------+-------+-------+-------+-------++-------
Melee: War axe           |    80 |    98 |       |       |       ||   178
       Bite              |    15 |    47 |    95 |   251 |   154 ||   562
       Hand axe          |       |    50 |   283 |   570 |   304 ||  1207
Invok: Heroism           |       |       |       |    27 |    13 ||    40
  Use: Potion            |     2 |       |       |     1 |       ||     3
       Scroll            |       |       |    15 |     7 |     1 ||    23
 Stab: Sleeping          |       |       |       |     4 |     1 ||     5
       Distracted        |       |       |       |     1 |     1 ||     2
  Eat: Chunk             |     1 |     7 |     9 |     3 |       ||    20
       Ration            |       |       |     2 |     5 |     3 ||    10
Armor: Scale mail        |    46 |    63 |       |       |       ||   109
       Ring mail         |       |       |    90 |    83 |    50 ||   223
Dodge: Dodged            |    33 |    40 |    97 |   261 |   145 ||   576
Block: Shield            |    60 |    84 |   126 |   316 |   172 ||   758
